 Dungeon Crawl Stone Soup version 0.20-a0-922-g6936b3b (webtiles) character file.

353 Devintownsend the Chopper (level 6, -4/56 HPs)
             Began as a Minotaur Fighter on Mar 25, 2017.
             Slain by a phantom (6 damage)
             ... on level 4 of the Dungeon.
             The game lasted 00:09:30 (2419 turns).

Devintownsend the Chopper (Minotaur Fighter)        Turns: 2419, Time: 00:09:31

Health: -4/56      AC:  7    Str: 22    XL:     6   Next: 35%
Magic:  5/5        EV:  9    Int:  5    God:
Gold:   111        SH:  5    Dex: 10    Spells: 5/5 levels left

rFire    . . .     SeeInvis .   a - +1 war axe
rCold    . . .     Gourm    .   v - +1 buckler
rNeg     . . .     Faith    .   b - +0 scale mail
rPois    .         Spirit   .   (helmet restricted)
rElec    .         Reflect  .   (no cloak)
rCorr    .         Harm     .   (no gloves)
MR       .....                  (no boots)
Stlth    ..........             (no amulet)
Regen    0.2/turn               i - ring of flight
MPRegen  0.1/turn               (no ring)

@: no status effects
A: retaliatory headbutt, horns 2
a: Evoke Flight


You were on level 4 of the Dungeon.
You were not hungry.

You visited 1 branch of the dungeon, and saw 4 of its levels.

You collected 111 gold pieces.

Inventory:

Hand Weapons
 a - a +1 war axe (weapon)
Armour
 b - a +0 scale mail (worn)
 c - a +0 shield
 v - a +1 buckler (worn)
Jewellery
 i - a ring of flight (left hand)
 r - an uncursed ring of teleportation
 y - an uncursed ring of poison resistance {unknown}
Wands
 q - a wand of iceblast (5/15)
 x - a wand of disintegration (14/24)
Scrolls
 j - 5 scrolls of identify
 o - a scroll of enchant armour
 w - 2 scrolls of teleportation {unknown}
 z - a scroll of noise {unknown}
 D - a scroll of immolation {unknown}
Potions
 d - 2 potions of might
 e - a potion of invisibility {unknown}
 g - 3 potions of flight
 h - 2 potions of agility {unknown}
 k - a potion of resistance {unknown}
 l - a potion of experience {unknown}
 m - 3 potions of lignification {unknown}
 n - a potion of berserk rage {unknown}
 p - 2 potions of curing {unknown}
 s - a potion of magic {unknown}
 u - a potion of degeneration {unknown}
 B - a potion of heal wounds {unknown}
Books
 C - a book of Minor Magic

   Spells                             Type                      Level
   a - Magic Dart                     Conjuration                  1
   b - Blink                          Translocation                2
   c - Call Imp                       Summoning                    2
   d - Slow                           Hexes                        2
   e - Conjure Flame                  Conjuration/Fire             3
   f - Mephitic Cloud                 Conjuration/Poison/Air       3
Comestibles
 f - 2 bread rations
 t - a royal jelly
 A - a meat ration


   Skills:
 + Level 5.1 Fighting
 + Level 5.5 Axes
 + Level 5.1 Armour
 + Level 4.7 Shields


You had 5 spell levels left.
You didn't know any spells.

Dungeon Overview and Level Annotations

Branches:
Dungeon (4/15)
 Temple: D:4-7

Altars:
Cheibriados
Nemelex Xobeh
Qazlal
Ru


Innate Abilities, Weirdness & Mutations

You reflexively headbutt those who attack you in melee.
You have a pair of horns on your head.


Message History

The phantom hits you but does no damage.
You closely miss the phantom.
The phantom is lightly damaged.
The phantom closely misses you.
You closely miss the phantom. Your headbutt misses the phantom.
The phantom is lightly damaged.
The phantom hits you!
* * * LOW HITPOINT WARNING * * *
You hit the phantom. Your headbutt misses the phantom.
The phantom is moderately damaged.
The phantom closely misses you. You furiously retaliate!
You headbutt the phantom! The phantom hits you!
* * * LOW HITPOINT WARNING * * *
You hit the phantom. Your headbutt misses the phantom.
The phantom is severely damaged.
The phantom hits you but does no damage.
You slash the phantom!
The phantom is almost destroyed.
The phantom hits you.
You die...

#.....#
#....♣..#
#.## #######
#.#.....#
#.#
#..#)[#.#
#.#
#####+##...#
........##.#
........##.#
........##.#
........##.#
........##@#
######+###W#
#.# #†# #.#
##.##.####.#
#..........#
###.......##
#.......#


You could see a phantom.

Vanquished Creatures
  An ogre (D:4)
  A crimson imp (D:4)
  A hound (D:3)
  Natasha (twice) (D:4)
  6 adders
  An adder skeleton (D:4)
  A worm (D:2)
  3 dart slugs (D:1)
  2 leopard geckos (D:2)
  4 orcs (D:3)
  2 giant cockroaches (D:4)
  13 hobgoblins
  6 jackals
  13 kobolds
  A quokka (D:2)
  3 ball pythons
  6 bats
  2 frilled lizards
  9 goblins
  12 rats
89 creatures vanquished.

Notes
Turn   | Place    | Note
-------+----------+-------------------------------------------
     0 | D:1      | Devintownsend the Minotaur Fighter began the quest for the Orb.
     0 | D:1      | Reached XP level 1. HP: 19/19 MP: 0/0
    95 | D:1      | Reached XP level 2. HP: 27/27 MP: 1/1
   224 | D:1      | You fall through a shaft!
   258 | D:2      | Found a sacrificial altar of Ru.
   296 | D:2      | Reached XP level 3. HP: 32/33 MP: 2/2
   676 | D:2      | Found a snail-covered altar of Cheibriados.
   891 | D:2      | Found a sparkling altar of Nemelex Xobeh.
   987 | D:2      | Reached XP level 4. HP: 40/41 MP: 3/3
  1722 | D:3      | Reached XP level 5. HP: 39/47 MP: 4/4
  2296 | D:4      | Noticed Natasha
  2311 | D:4      | Killed Natasha
  2311 | D:4      | Reached skill level 5 in Armour
  2324 | D:4      | Found a stormy altar of Qazlal.
  2353 | D:4      | Noticed an ogre
  2367 | D:4      | Killed an ogre
  2367 | D:4      | Reached skill level 5 in Fighting
  2367 | D:4      | Reached skill level 5 in Axes
  2367 | D:4      | Reached XP level 6. HP: 34/56 MP: 5/5
  2376 | D:4      | Noticed Natasha
  2383 | D:4      | Killed Natasha
  2417 | D:4      | HP: 2/56 [phantom (7)]
  2419 | D:4      | Slain by a phantom

Vault maps used:
D:1:      lightli_arrival_quake, roderic_three_in_a_row
D:2:      nicolae_overflow_crystal_walls, lemuel_round_altar,
          overflow_temple_1_default, minmay_randomly_rotated_circles
D:3:      first_bread
D:4:      yredelemnul_forgotten_temple_becter, kennysheep_mini,
          overflow_temple_1_default, grunt_temple_overflow_open,
          minmay_temple_entry_statues, serial_shops, nicolae_shop_stone,
          serial_park_tiny_1, item_on_display_a, uniq_natasha

Skill      XL: |  1  2  3  4  5 |
---------------+----------------+-----
Armour         | 4 5 |  5.1
Fighting       | 4 5 |  5.1
Axes           | 3 4 5 |  5.5
Shields        | 4 |  4.7

Action                   |  1- 3 |  4- 6 || total
-------------------------+-------+-------++-------
Melee: War axe           |   108 |    94 ||   202
       Headbutt          |    15 |    16 ||    31
  Use: Scroll            |       |     7 ||     7
  Eat: Chunk             |       |     5 ||     5
Armor: Scale mail        |    55 |    36 ||    91
Dodge: Dodged            |    34 |    37 ||    71
Block: Shield            |    69 |     4 ||    73
       Buckler           |       |    18 ||    18
